 Dungeon Crawl Stone Soup version 0.31-a0-627-gd65175cf8b (webtiles) character file.

Game seed: 16404966528197184432

308 Ijustatesigmund the Magician (level 6, -1/36 HPs)
             Began as a Deep Elf Earth Elementalist on Aug 25, 2023.
             Slain by a gnoll
             ... wielding a +0 flail
              (5 damage)
             ... on level 4 of the Dungeon.
             The game lasted 00:04:16 (1818 turns).

Ijustatesigmund the Magician (DEEE)                 Turns: 1818, Time: 00:04:17

Health: -1/36      AC:  2    Str:  5    XL:     6   Next: 16%
Magic:  16/16      EV: 12    Int: 22    God:
Gold:   77         SH:  0    Dex: 15    Spells: 12/16 levels left

rFire   . . .        i - +6 long sword "Egraozes" {heavy, Stlth+}
rCold   . . .        (no shield)
rNeg    . . .        a - +0 robe
rPois   .            (no helmet)
rElec   .            (no cloak)
rCorr   .            (no gloves)
SInv    .            (no boots)
Will    .....        h - amulet of regeneration
Stlth   +++          (no ring)
HPRegen 1.06/turn    (no ring)
MPRegen 0.15/turn

%: no passive effects
@: no status effects
A: no striking features
a: no special abilities


You were on level 4 of the Dungeon.
You visited 1 branch of the dungeon, and saw 3 of its levels.

You collected 77 gold pieces.

Inventory:

Hand Weapons
 d - a +0 quarterstaff
 i - the +6 long sword "Egraozes" (weapon) {heavy, Stlth+}
   (You found it on level 2 of the Dungeon)

   Stlth+:    It makes you more stealthy.
Armour
 a - a +0 robe (worn)
Jewellery
 h - an amulet of regeneration (around neck)
Potions
 b - a potion of magic
 c - a potion of enlightenment {unknown}
 e - a potion of haste {unknown}
 j - a potion of heal wounds {unknown}


   Skills:
 + Level 2.7 Fighting
 - Level 2.4 Dodging
 - Level 2.4 Stealth
 + Level 5.5 Spellcasting
 + Level 2.8 Conjurations
 - Level 1.1 Transmutations
 - Level 4.0 Earth Magic


You had 12 spell levels left.
You knew the following spells:

 Your Spells              Type           Power      Damage    Failure   Level
a - Sandblast             Erth           48%        2d12      1%          1
b - Stone Arrow           Conj/Erth      42%        3d9       7%          3

Your spell library contained the following spells:

 Spells                   Type           Power      Damage    Failure   Level
 Passwall                 Tmut/Erth      14%        N/A       4%          2
 Petrify                  Tmut/Erth      17%        N/A       32%         4


Dungeon Overview and Level Annotations

Branches:
Dungeon (2/15)

Altars:
Wu Jian


Message History

No target in view!
No target in view!
No target in view!
No target in view!
No target in view!
No target in view!
No target in view!
No target in view!
No target in view!
No target in view!
No target in view!
No target in view!
No target in view!
You open the door. 3 gnolls come into view.
The gnoll shouts! x3
A gnoll comes into view. It is wielding a +0 flail.
The gnoll shouts!
You aren't carrying any items that you can evoke.
Casting: Sandblast (safe; 1% risk of failure)
Confirm with . or Enter, or press ? or * to list all spells.
Aiming: Sandblast (safe; 1% risk of failure)
Press: ? - help, Shift-Dir - straight line, f - gnoll
Aim: a gnoll, wielding a +0 spear (85% to hit)
The blast of sand hits the gnoll!
You kill the gnoll!
You closely miss the gnoll. The gnoll hits you with a +0 club.
You barely miss the gnoll. The gnoll hits you with a +0 club.
The gnoll hits you from afar with a +0 spear.
The gnoll barely misses you. The gnoll misses you.
The gnoll hits you with a +0 spear. The gnoll hits you with a +0 club.
The gnoll barely misses you.
There is an open door here.
You closely miss the gnoll. The gnoll hits you with a +0 flail.
The gnoll hits you with a +0 spear. The gnoll hits you with a +0 club!
* * * LOW HITPOINT WARNING * * *
The gnoll hits you with a +0 spear.
* * * LOW HITPOINT WARNING * * *
The gnoll hits you with a +0 flail.
You die...

####...##.......########
.##.†.†.##..............
##.......#...†..........
....._..................
##.......#..............
##.....##..............
##...########.........
##.## #g.g...... #..#
##@####### #.## #g# #.#
#.# #.. ### # # #.#


You could see 3 gnolls.

Vanquished Creatures
  Sigmund (D:2)
  An iguana (D:4)
  A gnoll (D:4)
  4 adders
  2 worms (D:2)
  3 dart slugs
  An orc (D:4)
  2 ball pythons
  4 bats (D:1)
  5 endoplasms (D:1)
  2 giant cockroaches
  4 goblins
  9 hobgoblins
  6 jackals
  6 kobolds
  A quokka (D:1)
  A frilled lizard (D:1)
  8 rats
61 creatures vanquished.

Notes
Turn   | Place    | Note
-------+----------+-------------------------------------------
     0 | D:1      | Ijustatesigmund the Deep Elf Earth Elementalist began the
                  | quest for the Orb.
     0 | D:1      | Reached XP level 1. HP: 10/10 MP: 6/6
   292 | D:1      | Reached XP level 2. HP: 16/16 MP: 5/8
   480 | D:1      | Reached skill level 1 in Fighting
   533 | D:1      | Reached XP level 3. HP: 15/19 MP: 6/10
  1057 | D:2      | Reached skill level 4 in Spellcasting
  1093 | D:2      | Learned a level 3 spell: Stone Arrow
  1102 | D:2      | Identified the +6 long sword "Egraozes" {heavy, Stlth+}
  1234 | D:2      | Noticed Sigmund
  1238 | D:2      | Killed Sigmund
  1239 | D:2      | Reached skill level 5 in Spellcasting
  1239 | D:2      | Reached XP level 4. HP: 27/27 MP: 2/13
  1239 | D:2      | Reached XP level 5. HP: 31/31 MP: 2/14
  1612 | D:2      | You fall into a shaft and drop 2 floors!
  1756 | D:4      | Found an ornate altar of the Wu Jian Council.
  1759 | D:4      | Reached XP level 6. HP: 36/36 MP: 14/16
  1818 | D:4      | Slain by a gnoll

Illustrated notes

Levels and vault maps discovered:
D:1:      lemuel_arrival_tunnels, layout_basic
D:2:      layout_basic, uniq_sigmund
D:4:      layout_basic, mainiacjoe_overflow_alcove_3, lemuel_round_altar

Skill      XL: |  1  2  3 |
---------------+----------+-----
Fighting       | 1 2 |  2.7
Spellcasting   | 5 |  5.5
Earth Magic    | 4 |  4.0
Conjurations   | 2 |  2.8
Dodging        | |  2.4
Stealth        | |  2.4
Transmutations | |  1.1

Action                     |  1- 3 |  4- 6 || total
---------------------------+-------+-------++-------
  Melee: Rapier            |    18 |       ||    18
         Long sword        |       |    17 ||    17
   Cast: Sandblast         |    42 |    16 ||    58
         Stone Arrow       |     1 |       ||     1
    Use: Scroll            |       |     3 ||     3
   Stab: Sleeping          |     1 |       ||     1
 Armour: Robe              |     4 |     4 ||     8
  Dodge: Dodged            |    24 |    14 ||    38

Table legend: (Time is in decaauts)
 A = Elapsed time spent in this place.
 B = Non-inter-level travel time spent in this place.
 C = Inter-level travel time spent in this place.
 D = Time resting spent in this place.
 E = Time spent auto-exploring this place.
 F = Levels seen in this place.
 G = Mean time per level.
                   A        B        C        D        E       F      G
               +--------+--------+--------+--------+--------+-----+--------+
         Total |   1865 |   1823 |     42 |    375 |   1111 |   3 |  621.7 |
       Dungeon |   1865 |   1823 |     42 |    375 |   1111 |   3 |  621.7 |
               +--------+--------+--------+--------+--------+-----+--------+

Top non-repeatable levels by time:
     D:1: 1010 daAuts
     D:2: 632 daAuts
     D:4: 223 daAuts
